 Dungeon Crawl Stone Soup version 0.29.1-12-g30fa7ad0bf (webtiles) character file.

Game seed: 11263742373550859429

738 mopl the Covert (level 7, 0/45 HPs)
             Began as an Octopode Brigand on Dec 29, 2022.
             Killed by nerve-wracking pain
             ... invoked by an orc priest
              (11 damage)
             ... on level 6 of the Dungeon.
             The game lasted 00:05:20 (4736 turns).

mopl the Covert (Octopode Brigand)                  Turns: 4736, Time: 00:05:20

Health: 0/45       AC:  1    Str: 11    XL:     7   Next: 75%
Magic:  7/7        EV: 14    Int: 15    God:
Gold:   323        SH:  5    Dex: 13    Spells: 6/6 levels left

rFire   . . .      SeeInvis .   a - +1 dagger (venom)
rCold   . . .      Faith    .   (no shield)
rNeg    . . .      Spirit   .   (helmet restricted)
rPois   .          Reflect  +   m - amulet of reflection
rElec   .          Harm     .   (no ring)
rCorr   .          Rampage  .   (no ring)
Will    .....                   (no ring)
Stlth   +++++.....              (no ring)
HPRegen 0.15/turn               (no ring)
MPRegen 0.10/turn               (no ring)
                                (no ring)
                                (no ring)

@: no status effects
A: almost no armour, amphibious, 8 rings, camouflage 1, gelatinous body 1,
(nimble swimmer 1), tentacles
a: no special abilities


You were on level 6 of the Dungeon.
You visited 1 branch of the dungeon, and saw 6 of its levels.

You collected 323 gold pieces.

Inventory:

Hand Weapons
 a - a +1 dagger of venom (weapon)
 n - a +2 dagger of flaming
 v - a +3 dagger
 y - a +2 dagger
Missiles
 b - 10 poisoned darts (quivered)
 c - 3 curare-tipped darts
 h - 5 boomerangs
Jewellery
 m - an amulet of reflection (around mantle)
Wands
 q - a wand of polymorph (10)
 C - a wand of flame (32)
Scrolls
 d - 2 scrolls of identify {unknown}
 e - 4 scrolls of poison {unknown}
 f - 5 scrolls of teleportation
 i - a scroll of magic mapping {unknown}
 j - 4 scrolls of silence {unknown}
 l - a scroll of summoning {unknown}
 p - 3 scrolls of enchant armour {unknown}
 r - a scroll of acquirement {unknown}
 s - a scroll of fear {unknown}
 u - a scroll of noise {unknown}
 x - a scroll of brand weapon {unknown}
 E - a scroll of amnesia {unknown}
 G - a scroll of vulnerability {unknown}
Potions
 g - 2 potions of haste
 k - a potion of curing
 o - a potion of mutation {unknown}
 t - a potion of attraction {unknown}
 w - a potion of brilliance {unknown}
 z - a potion of berserk rage {unknown}
 A - a potion of heal wounds {unknown}
 B - 2 potions of invisibility {unknown}
 D - a potion of resistance {unknown}
 F - a potion of degeneration {unknown}


   Skills:
 - Level 2.0 Fighting
 + Level 4.5 Short Blades
 + Level 4.4 Throwing
 + Level 4.1 Dodging
 + Level 8.0 Stealth


You had 6 spell levels left.
You didn't know any spells.
Your spell library contained the following spells:

 Spells                   Type           Power      Damage    Failure   Level
 Sublimation of Blood     Necr           0%         N/A       38%         2
 Petrify                  Tmut/Erth      0%         N/A       95%         4
 Irradiate                Conj/Tmut      0%         3d11      100%        5
 Conjure Ball Lightning   Conj/Air       0%         3x3d6     100%        6
 Discord                  Hex            0%         N/A       100%        8
 Disjunction              Tloc           0%         N/A       100%        8


Dungeon Overview and Level Annotations

Branches:
Dungeon (6/15)
 Temple: D:4-7

Altars:
Uskayaw


Innate Abilities, Weirdness & Mutations

You cannot wear most types of armour.
You are amphibious.
You can wear up to eight rings at the same time.
Your skin changes colour to match your surroundings (Stealth+).
Your rubbery body absorbs attacks. (AC +1, EV +1)
((You are camouflaged when in or above water. (Stealth+)))
You have tentacles for arms and can constrict up to eight enemies at once.


Message History

The orc is severely wounded.
The orc misses you.
You hit the orc.
You kill the orc!
You hit the orc wizard but do no damage.
You grab the orc wizard.
You constrict the orc wizard, but do no damage.
An orc priest comes into view. It is wielding a +0 mace of protection.
The orc wizard points at you and mumbles some strange words.
You resist with some effort.
You hit the orc wizard but do no damage.
The orc wizard is poisoned.
You constrict the orc wizard, but do no damage.
You hit the orc wizard.
The orc wizard looks as sick as possible!
The orc wizard is lightly wounded.
You constrict the orc wizard, but do no damage.
The orc wizard gestures at you while chanting.
The magic dart hits you!
You hit the orc wizard but do no damage.
You squeeze the orc wizard!
The orc wizard is almost dead.
You constrict the orc wizard.
You kill the orc wizard!
You hit the orc priest but do no damage.
Your grab misses the orc priest.
The orc priest mumbles some strange prayers to Beogh against you.
Beogh smites you! The orc priest hits you with a +0 club.
* * * LOW HITPOINT WARNING * * *
You hit the orc priest but do no damage.
The orc priest is poisoned.
You grab the orc priest. You squeeze the orc priest.
The orc priest is lightly wounded.
You constrict the orc priest, but do no damage.
You barely miss the orc priest. You squeeze the orc priest.
The orc priest is heavily wounded.
You constrict the orc priest, but do no damage.
The orc priest mumbles some strange prayers to Beogh against you.
Pain shoots through your body!
You die...

#.# #. #.#
#.. #.# #.#
#.# #.#
###<##### #.#
#.......# #.#
###.###.###.#
#.........o.#
#...#.#.###@#
###.#.#[# #o#
#.# #.# #.#
...


oo. ..# #. #.# #.# #.# #.# #. #.# ... You could see 2 orc priests.

Vanquished Creatures
  Grinder (D:5)
  2 necrophages (D:5)
  2 scorpions
  2 orc priests (D:4)
  2 hounds
  An iguana (D:5)
  An orc wizard (D:6)
  3 adders
  2 shadow imps (D:4)
  An ufetubus (D:5)
  A dart slug (D:4)
  10 orcs
  4 endoplasms
  2 giant cockroaches
  3 goblins (D:4)
  6 hobgoblins
  9 jackals
  5 kobolds
  6 quokkas
  8 ball pythons
  6 bats (D:1)
  5 frilled lizards
  6 rats
88 creatures vanquished.

Notes
Turn   | Place    | Note
-------+----------+-------------------------------------------
     0 | D:1      | mopl the Octopode Brigand began the quest for the Orb.
     0 | D:1      | Reached XP level 1. HP: 14/14 MP: 1/1
   218 | D:1      | Reached XP level 2. HP: 19/19 MP: 2/2
   253 | D:1      | Found a faded altar of an unknown god.
  1024 | D:2      | Reached XP level 3. HP: 24/24 MP: 3/3
  1395 | D:3      | Reached skill level 6 in Stealth
  1395 | D:3      | Reached XP level 4. HP: 29/29 MP: 4/4
  1491 | D:3      | Found a hide-covered altar of Uskayaw.
  1569 | D:3      | Reached skill level 2 in Dodging
  2049 | D:4      | Found a transporter.
  2105 | D:4      | Noticed a scorpion
  2116 | D:4      | Killed a scorpion
  2117 | D:4      | Reached skill level 3 in Short Blades
  2117 | D:4      | Reached skill level 3 in Throwing
  2117 | D:4      | Reached XP level 5. HP: 30/34 MP: 5/5
  3045 | D:4      | Found a transporter.
  3648 | D:4      | Reached XP level 6. HP: 39/39 MP: 6/6
  3655 | D:4      | Reached skill level 3 in Dodging
  3707 | D:5      | Entered Level 5 of the Dungeon
  4004 | D:5      | Reached skill level 7 in Stealth
  4217 | D:5      | Noticed Grinder
  4220 | D:5      | Paralysed by Grinder for 5 turns
  4231 | D:5      | Killed Grinder
  4232 | D:5      | Reached skill level 4 in Short Blades
  4232 | D:5      | Reached skill level 4 in Throwing
  4232 | D:5      | Reached XP level 7. HP: 23/45 MP: 7/7
  4291 | D:5      | Reached skill level 4 in Dodging
  4603 | D:5      | Reached skill level 8 in Stealth
  4736 | D:6      | Killed from afar by an orc priest

Illustrated notes

Levels and vault maps discovered:
D:1:      minmay_arrival_jagged, layout_loops_corners,
          ebering_ecumenical_altar_box
D:2:      layout_rooms
D:3:      layout_rooms, mainiacjoe_overflow_24_doors, grunt_ministairs_5
D:4:      gammafunk_wand_slinger, layout_layer_cave
D:5:      layout_loops_ring, uniq_grinder
D:6:      minmay_recursive_quarters, layout_loops_ring, temple_green,
          cheibrodos_sewer_entry_sluice

Skill      XL: |  1  2  3  4  5  6  7 |
---------------+----------------------+-----
Stealth        | 6 7 8 |  8.0
Dodging        | 2 3 4 |  4.1
Short Blades   | 3 4 |  4.5
Throwing       | 3 4 |  4.4
Fighting       | |  2.0

Action                   |  1- 3 |  4- 6 |  7- 9 || total
-------------------------+-------+-------+-------++-------
Melee: Dagger            |    67 |   100 |    30 ||   197
       Constrict         |    18 |    21 |     7 ||    46
       Tentacles         |    12 |    21 |     8 ||    41
       Punch             |     1 |       |       ||     1
Throw: Dart              |       |     5 |       ||     5
Evoke: Wand              |       |     2 |       ||     2
  Use: Scroll            |     1 |       |       ||     1
       Potion            |       |     2 |       ||     2
 Stab: Sleeping          |    14 |     8 |     1 ||    23
       Distracted        |     2 |       |       ||     2
Armor: Skin              |     9 |     1 |       ||    10
Dodge: Dodged            |    34 |    56 |     7 ||    97
Block: Other             |       |    21 |     2 ||    23
